AoeStats
← wugabor

Arabia

510544544Analyzed
1v1 RM · 11h ago on Oct 1, 2026· 35m 56s· 2 players
Game mode
Random Map
Map size
Tiny (2 player)
Population
200
Speed
Normal
Resources
Standard
Victory
Conquest
Starting age
Dark Age
Ending age
Imperial Age
RankedLock teamsTeams togetherTeam positionsShared explorationLock speedFull tech treeHidden civsTurbo modeCheats
Victory
Defeat
🇭🇺 Sicilians · Hungary
1127
+18
🇳🇴 Ethiopians · Norway
1163
-18
wugabor
8:05 Loom
10:54 Feudal Age
12:27 Double-Bit Axe
20:34 Castle Age
19:47 Bloodlines
19:32 Horse Collar
20:40 Scale Barding Armor
20:27 Fletching
23:31 Gold Mining
25:06 Chain Barding Armor
31:21 Scale Mail Armor
36:19 First Crusade
si.elgen
6:57 Loom
9:46 Feudal Age
9:47 Man-at-Arms
16:06 Fletching
17:18 Padded Archer Armor
22:42 Castle Age
21:15 Town Watch
22:54 Horse Collar
23:01 Double-Bit Axe
23:20 Scale Mail Armor
22:45 Crossbowman
24:01 Squires
24:41 Bow Saw
29:24 Gold Mining
29:38 Bodkin Arrow
31:02 Gold Shaft Mining
34:40 Thumb Ring
35:03 Ballistics
Connection lost

Rejoining the realm…

Still unreachable

The connection could not be restored.

Session expired

The server has moved on; the page needs a fresh start.